 Dungeon Crawl Stone Soup version 0.30-b1-2-g02819fbbbe (webtiles) character file.

Game seed: 7191380998607504116

1807 LLlMATKO the Chopper (level 8, -12/111 HPs)
             Began as a Minotaur Berserker on Nov 21, 2023.
             Was a Priest of Trog.
             Mangled by an orc warrior
             ... wielding a +0 morningstar
              (15 damage)
             ... on level 6 of the Dungeon.
             The game lasted 00:03:50 (6446 turns).

LLlMATKO the Chopper (Minotaur Berserker)           Turns: 6446, Time: 00:03:50

Health: -12/111    AC: -6    Str: 24    XL:     8   Next: 84%
Magic:  7/7        EV:  9    Int:  4    God:    Trog [***...]
Gold:   213        SH:  5    Dex: 10    Spells: 7/7 levels left

rFire   . . .        r - +1 hand axe (flame)
rCold   . . .        (no shield)
rNeg    . . .        k - +0 plate armour
rPois   .            (helmet restricted)
rElec   .            (no cloak)
rCorr   .            (no gloves)
SInv    +            (no boots)
Will    .....        t - amulet of Jiryb {Reflect +Blink SH+5} Stlth
                     h - ring of see invisible
HPRegen 0.38/turn    (no ring)
MPRegen 0.10/turn

%: reflection
@: berserking (expiring), corroded, very quick
A: horns 2, retaliatory headbutt
a: Renounce Religion, Evoke Blink, Berserk, Trog's Hand


You were on level 6 of the Dungeon.
You worshipped Trog.
Trog was most pleased with you.
You visited 1 branch of the dungeon, and saw 7 of its levels.

You collected 288 gold pieces.
You spent 75 gold pieces at shops.

Inventory:

Hand Weapons
 a - a +0 hand axe
 b - a +0 war axe
 r - a +1 hand axe of flaming (weapon)
Armour
 k - a +0 plate armour (worn)
Jewellery
 h - a ring of see invisible (left hand)
 t - the amulet of Jiryb (around neck) {Reflect +Blink SH+5}
   (You found it on level 5 of the Dungeon)

   [amulet of reflection]

   It reflects blocked missile attacks.
   +Blink:    It lets you blink.
   SH:        It affects your SH (+5).
Wands
 p - a wand of digging (3)
 z - a wand of mindburst (8)
Scrolls
 d - a scroll of blinking {unknown}
 e - 4 scrolls of teleportation {unknown}
 i - 2 scrolls of immolation {unknown}
 l - a scroll of torment {unknown}
 m - 3 scrolls of fog {unknown}
 n - 4 scrolls of identify {unknown}
 o - 2 scrolls of enchant armour {unknown}
 q - a scroll of acquirement {unknown}
 u - 2 scrolls of amnesia {unknown}
 v - a scroll of enchant weapon {unknown}
 y - a scroll of magic mapping
 A - a scroll of poison {unknown}
Potions
 c - 2 potions of flight {unknown}
 f - 4 potions of degeneration {unknown}
 g - 3 potions of curing {unknown}
 j - a potion of cancellation {unknown}
 s - 2 potions of invisibility {unknown}
 w - a potion of lignification {unknown}
 x - a potion of berserk rage {unknown}


   Skills:
 + Level 7.7 Fighting
 + Level 7.8 Axes
 + Level 7.2 Armour
 + Level 6.6 Dodging


You had 7 spell levels left.
You didn't know any spells.
Your spell library was empty.

Dungeon Overview and Level Annotations

Branches:
Dungeon (7/15)
 Temple: D:4-7

Altars:
Cheibriados
Elyvilon
Fedhas
Ru
Zin
The Shining One

Shops:
D:6 ?

Annotations:
D:3 3 runed translucent doors, kolakolka's ghost, amateur AtBe
D:4 2 transporters, diceflayer's ghost, amateur DsGl


Innate Abilities, Weirdness & Mutations

You have a pair of horns on your head.
You reflexively headbutt those who attack you in melee.


Message History

You barely miss the orc warrior.
You hit the orc warrior but do no damage.
The rust devil hits you! The rust devil corrodes you!
The orc warrior barely misses you. The orc warrior misses you.
You furiously retaliate!
You headbutt the orc warrior!
You hit the rust devil but do no damage.
The rust devil is heavily wounded.
You completely miss the orc warrior.
You hit the orc warrior but do no damage.
The rust devil completely misses you.
The orc warrior hits you with a +0 morningstar!
The orc warrior hits you with a +0 scimitar of holy wrath!
* * * LOW HITPOINT WARNING * * *
You hit the rust devil but do no damage.
You headbutt the rust devil!
The rust devil is severely wounded.
You hit the orc warrior. You burn the orc warrior.
You hit the orc warrior but do no damage.
Unknown command.
You hit the rust devil but do no damage.
Your headbutt misses the rust devil.
The rust devil is severely wounded.
You hit the orc warrior but do no damage. x2
You block the rust devil's attack. You block the orc warrior's attack.
The orc warrior hits you with a +0 scimitar of holy wrath!
* * * LOW HITPOINT WARNING * * *
You hit the rust devil but do no damage.
The rust devil is severely wounded.
You hit the orc warrior but do no damage. x2
Unknown command.
You hit the rust devil.
You headbutt the rust devil, but do no damage.
The rust devil is severely wounded.
You closely miss the orc warrior.
You hit the orc warrior but do no damage.
The rust devil hits you!
* * * LOW HITPOINT WARNING * * *
The rust devil corrodes you!
The orc warrior hits you with a +0 morningstar!
You die...

####.##.##.### #.# #
.....##..#...#####.#
#
#######............#
# #.....###.....# #
######...### ###...#
#
........##)#'#)##..#
#
######..#♣.....♣#..#
# #.##......o##.# #
#.# ...8.44@#.# #
#.##......o##.#
#..#♣.....♣#..#
##.##)#'#)##.## ##
#..### ###..# #.
##...###...## #.
#####.#.....######
##.
#................#
#..
###.###....##.####.#
#..


You could see 2 rust devils and 2 orc warriors.

Vanquished Creatures
  Maggie (D:6)
  2 steam dragons
  A water moccasin (D:6)
  An orc warrior (D:6)
  A black bear (D:6)
  An ice beast (D:5)
  2 ogres
  A centaur (D:6)
  A scorpion (D:4)
  A howler monkey (D:6)
  3 hounds
  2 jellies (D:4)
  An orc priest (D:4)
  A gnoll bouda (D:6)
  Natasha (thrice) (D:3)
  2 orc wizards
  7 adders
  4 gnolls
  A white imp (D:6)
  2 ufetubi (D:6)
  5 worms
  2 dart slugs
  15 orcs
  5 bats
  5 endoplasms
  2 giant cockroaches
  5 hobgoblins
  4 jackals (D:1)
  3 quokkas
  7 ball pythons
  3 frilled lizards
  10 goblins
  6 kobolds
  4 rats
114 creatures vanquished.

Notes
Turn   | Place    | Note
-------+----------+-------------------------------------------
     0 | D:1      | LLlMATKO the Minotaur Berserker began the quest for the
                  | Orb.
     0 | D:1      | Reached XP level 1. HP: 19/19 MP: 0/0
    88 | D:1      | Reached XP level 2. HP: 22/27 MP: 1/1
   191 | D:1      | Found a faded altar of an unknown god.
   573 | D:1      | Reached XP level 3. HP: 27/33 MP: 2/2
  1233 | D:2      | Reached ** piety under Trog
  1574 | D:3      | Noticed an ogre
  1576 | D:3      | Noticed kolakolka's ghost (amateur AtBe)
  1721 | D:3      | Reached XP level 4. HP: 40/40 MP: 3/3
  1735 | D:3      | Found a sacrificial altar of Ru.
  2007 | D:3      | Found a runed translucent gate.
  2007 | D:3      | Found a runed translucent gate.
  2007 | D:3      | Found a runed translucent gate.
  2133 | D:3      | Noticed Natasha
  2135 | D:3      | Killed Natasha
  2255 | D:3      | Noticed Natasha
  2265 | D:3      | Killed Natasha
  2307 | D:3      | Found a blossoming altar of Fedhas.
  2452 | D:3      | Found a sacrificial altar of Ru.
  2523 | D:3      | Noticed Natasha
  2534 | D:3      | Killed Natasha
  2535 | D:3      | Reached XP level 5. HP: 26/47 MP: 4/4
  2678 | D:3      | Found a runed translucent gate.
  2679 | D:3      | Found a runed translucent gate.
  2680 | D:3      | Found a runed translucent gate.
  2884 | D:3      | Found a blossoming altar of Fedhas.
  3334 | D:4      | Reached skill level 5 in Fighting
  3334 | D:4      | Reached skill level 5 in Axes
  3451 | D:4      | Reached XP level 6. HP: 52/56 MP: 5/5
  3561 | D:4      | Found a transporter.
  3564 | D:4      | Noticed diceflayer's ghost (amateur DsGl)
  3565 | D:4      | Found a transporter.
  3586 | D:4      | Reached *** piety under Trog
  3828 | D:4      | Noticed a steam dragon
  3840 | D:4      | Killed a steam dragon
  3841 | D:4      | Reached skill level 5 in Armour
  3841 | D:4      | Reached XP level 7. HP: 62/62 MP: 6/6
  4002 | D:5      | Entered Level 5 of the Dungeon
  4115 | D:5      | Identified the amulet of Jiryb {Reflect +Blink SH+5}
  4184 | D:5      | Found a white marble altar of Elyvilon.
  4184 | D:5      | Found a glowing golden altar of the Shining One.
  4184 | D:5      | Found a glowing silver altar of Zin.
  4449 | D:5      | Reached skill level 5 in Dodging
  5017 | D:6      | Found Uxzupumn's Magic Scroll Shop.
  5022 | D:6      | Bought a scroll of magic mapping for 75 gold pieces
  5271 | D:6      | Reached XP level 8. HP: 67/71 MP: 7/7
  5285 | D:6      | Noticed Maggie
  5296 | D:6      | Killed Maggie
  5678 | D:6      | Found a snail-covered altar of Cheibriados.
  5832 | D:6      | Identified the +6 ring mail "Bijyfeas" {-Tele rElec rCorr
                  | Int+5}
  6390 | D:6      | Identified the +9 dagger "Daxkiose" {antimagic, Will+
                  | rCorr}
  6431 | D:6      | Noticed a rust devil
  6431 | D:6      | Noticed a rust devil
  6446 | D:6      | HP: 3/111 [rust devil (9)]
  6446 | D:6      | Mangled by an orc warrior

Illustrated notes

Levels and vault maps discovered:
D:1:      nzn_arrival_settlement, layout_basic,
          shapermc_ecumenical_altar_acropolis, hex_tiny, minmay_pentomino_o2
D:2:      layout_basic, st_stairs_11
D:3:      wander_river, layout_basic, nicolae_ru_sacrificial_ziggurat,
          general_overflow_altar, gammafunk_ghost_split, minivault_4,
          minmay_misc_feat_hallway, uniq_natasha
D:4:      minmay_wonky_spiral, layout_rooms, gammafunk_ghost_mausoleum,
          minmay_cupped
D:5:      layout_loops_ring, dreamdust_divine_triumvirate
D:6:      cheibrodos_iron_armory, layout_loops_corners, lemuel_tele_altar,
          serial_shops, nicolae_shop_rolling_square, uniq_maggie
D:7:      layout_loops_ring, dk_yredelemnul_ordeal,
          nicolae_sif_muna_little_library, nicolae_overflow_two_pavilions,
          minmay_temple_entry_offerings

Skill      XL: |  1  2  3  4  5  6  7  8 |
---------------+-------------------------+-----
Fighting       | 4 5 6 7 |  7.7
Axes           | 4 5 6 7 |  7.8
Armour         | 3 4 5 6 7 |  7.2
Dodging        | 3 4 5 6 |  6.6

Action                     |  1- 3 |  4- 6 |  7- 9 || total
---------------------------+-------+-------+-------++-------
  Melee: Hand axe          |    40 |       |   120 ||   160
         Headbutt          |    15 |    15 |    23 ||    53
         War axe           |    29 |    96 |       ||   125
         Punch             |     1 |     1 |     3 ||     5
 Invoke: Berserk           |       |     2 |     4 ||     6
 Armour: Animal skin       |     9 |       |       ||     9
         Plate armour      |    18 |    62 |    71 ||   151
  Dodge: Dodged            |    47 |    33 |    48 ||   128
  Block: Other             |       |       |    13 ||    13
